 Dungeon Crawl Stone Soup version 0.17-a0-1403-g9df874c (console) character file.

6822 hyperkellhus the Grappler (level 11, -8/97 HPs)
             Began as a Ghoul Warper on June 19, 2015.
             Was the Champion of Makhleb.
             Mangled by Snorg (10 damage)
             ... on level 11 of the Dungeon on June 20, 2015.
             The game lasted 00:26:09 (10127 turns).

hyperkellhus the Grappler (Ghoul Warper)           Turns: 10127, Time: 00:26:10

Health: -8/97      AC: 12    Str: 23    XL:     11   Next: 5%
Magic:  12/12      EV: 11    Int:  8    God:    Makhleb [******]
Gold:   506        SH:  0    Dex: 10    Spells: 1 memorised, 12 levels left

rFire  + . .     SeeInvis .       - Unarmed
rCold  + + .     Clarity  .     d - +4 ring mail of Beyond {+Blink rC+ Dex+2}
rNeg   + + +     SustAt   .     (no shield)
rPois  ∞         Gourm    .     (no helmet)
rElec  .         Spirit   .     I - +0 cloak
rCorr  .         Warding  .     (no gloves)
rMut   .         Stasis   .     x - +0 pair of boots
MR     .....                    Z - amulet of rage
Stlth  ..........               B - +4 ring of strength
                                i - ring of protection from fire

@: rotting, not resistant to hostile enchantments, extremely unstealthy
A: rotting body, claws 1, carnivore 3, cold resistance 1, negative energy
resistance 3, slow healing 1, torment resistance, unbreathing
a: Minor Destruction, Lesser Servant of Makhleb, Major Destruction, Greater
Servant of Makhleb, Renounce Religion, Evoke Blink


You were on level 11 of the Dungeon.
You worshipped Makhleb.
Makhleb was exalted by your worship.
You were not hungry.

You visited 1 branch of the dungeon, and saw 11 of its levels.
You also visited: Ossuary.

You collected 506 gold pieces.

Inventory:

Hand weapons
 b - a +0 blowgun
 R - the cursed +1 whip of Famine {slash, Dex+4, unknown}
   (You found it on level 7 of the Dungeon)

   It inflicts extra damage upon your enemies.
   It affects your dexterity (+4).
   It has a curse placed upon it.
 T - a cursed +0 broad axe
Missiles
 p - 5 curare-tipped needles
 U - 24 poisoned needles
 W - 3 throwing nets (quivered)
Armour
 d - the +4 ring mail of Beyond (worn) {+Blink rC+ Dex+2}
   (You found it on level 10 of the Dungeon)

   It affects your dexterity (+2).
   It protects you from cold.
   It lets you blink.
 u - a +3 leather armour
 w - a +0 plate armour
 x - a +0 pair of boots (worn)
 I - a +0 cloak (worn)
 M - an ice dragon hide
Magical staves
 k - an uncursed staff of earth {unknown}
 K - a cursed staff of conjuration {unknown}
Jewellery
 i - a ring of protection from fire (left claw)
 B - a +4 ring of strength (right claw)
 G - an uncursed ring of fire
 Z - an amulet of rage (around neck)
Scrolls
 a - a scroll of enchant weapon {unknown}
 c - a scroll of blinking
 n - 4 scrolls of teleportation
 q - a scroll of identify
 y - 5 scrolls of remove curse
 A - a scroll of silence {unknown}
 E - a scroll of summoning {unknown}
 L - 2 scrolls of enchant armour {unknown}
 N - a scroll of amnesia
 S - a scroll of recharging {unknown}
 Y - a scroll of fog
Potions
 o - 11 potions of curing
 r - a potion of haste {unknown}
 t - a potion of resistance {unknown}
 v - 3 potions of might
 z - 5 potions of invisibility
 C - 3 potions of cancellation
 D - 2 potions of lignification {unknown}
 F - 2 potions of berserk rage
 H - a potion of heal wounds
 P - a potion of magic {unknown}
 Q - 3 potions of agility
 V - 2 potions of mutation {unknown}
Books
 l - a book of Changes

   Spells                             Type                      Level
   a - Beastly Appendage              Transmutation                1
   b - Sticks to Snakes               Transmutation                2
   c - Spider Form                    Transmutation/Poison         3
   d - Ice Form                       Ice/Transmutation            4
   e - Blade Hands                    Transmutation                5
 m - the Catalogue of the Oath
   (You found it on level 7 of the Dungeon)

   Spells                             Type                      Level
   a - Spectral Weapon                Hexes/Charms                 3
   b - Confuse                        Hexes                        3
   c - Gell's Gravitas                Hexes/Translocation          3
   d - Silence                        Hexes/Air                    5
   e - Summon Mana Viper              Hexes/Summoning              5
 s - a book of Spatial Translocations

   Spells                             Type                      Level
   a - Apportation                    Translocation                1
   b - Blink                          Translocation                2
   c - Shroud of Golubria             Charms/Translocation         2
   d - Portal Projectile              Translocation                3
   e - Teleport Other                 Translocation                3
   f - Passage of Golubria            Translocation                4
 J - a book of Burglary

   Spells                             Type                      Level
   a - Swiftness                      Charms/Air                   2
   b - Passwall                       Transmutation/Earth          3
   c - Passage of Golubria            Translocation                4
   d - Lee's Rapid Deconstruction     Earth                        5
   e - Invisibility                   Hexes                        6
   f - Darkness                       Hexes                        7
 X - a book of Clouds

   Spells                             Type                      Level
   a - Mephitic Cloud                 Conjuration/Poison/Air       3
   b - Conjure Flame                  Conjuration/Fire             3
   c - Poisonous Cloud                Conjuration/Poison/Air       6
   d - Freezing Cloud                 Conjuration/Ice/Air          6
   e - Ring of Flames                 Charms/Fire                  7
Comestibles
 e - 7 meat rations
 f - 11 chunks of flesh
 h - 9 beef jerkies
 j - 2 slices of pizza
 O - a royal jelly


   Skills:
 - Level 9.0 Fighting
 - Level 0.8 Throwing
 - Level 5.5 Armour
 - Level 1.7 Dodging
 + Level 14.0 Unarmed Combat
 - Level 1.7 Spellcasting
 - Level 2.6 Translocations


You had 12 spell levels left.
You knew the following spells:

 Your Spells              Type           Power        Failure   Level  Hunger
A - Apportation           Tloc           #.........   21%         1    ##.....


Dungeon Overview and Level Annotations

Branches:
Dungeon (11/15)            Temple (0/1) D:4            Lair (0/8) D:10
    Orc: D:9-12

Altars:
Cheibriados
Dithmenos
Elyvilon
Gozag
Makhleb
Qazlal
Ru
Sif Muna
Vehumet
Xom
Yredelemnul
Zin

Shops:
D:6 !   D:8 =

Annotations:
D:11 exclusion: orange crystal statue, Snorg


Innate Abilities, Weirdness & Mutations

Your body is rotting away.
You thrive on raw meat.
You are immune to poison.
You have sharp fingernails.
You are carnivorous and can eat meat at any time.
Your flesh is cold resistant.
You are immune to negative energy.
You heal slowly when monsters are visible.
You are immune to unholy pain and torment.
You can survive without breathing.


Message History

You hear a shout!
Snorg completely misses you. Snorg claws you! Snorg claws you!
* * * LOW HITPOINT WARNING * * *
Unknown command.
You completely miss Snorg.
Snorg is almost dead.
Snorg bites you!
* * * LOW HITPOINT WARNING * * *
Snorg closely misses you. Snorg claws you!
* * * LOW HITPOINT WARNING * * *
Unknown command.
Read which item? (? for menu, Esc to quit)
Okay, then.
Drink which item? (? for menu, Esc to quit)
You feel much better. Snorg bites you!
* * * LOW HITPOINT WARNING * * *
Snorg claws you!
* * * LOW HITPOINT WARNING * * *
Snorg barely misses you. Snorg bites you!
You die...

#.....# #.......# #...
#####.######...##.# #...
###........#.##.# ###...
#....)..####.#..####.....
#.#......#..>..^...%.....
#.#......#.#..<..........
# #.#....#.#.####........
#.##.#.#....# #....####
#....#@########....#
######T......##....#
..T....######.####....
###.... ...... #.##.
###.... # .. ##.... ##
#... #..


You could see Snorg (berserk).

Vanquished Creatures
  Pikel (D:9)
  A queen bee (shapeshifter) (D:10)
  2 trolls (D:10)
  Sigmund (D:5)
  A deep elf mage (D:10)
  3 hippogriffs
  Menkaure (D:7)
  A hungry ghost (D:8)
  2 black bears
  A sky beast (D:7)
  4 phantoms
  An ice beast (D:10)
  4 orc warriors
  2 slaves (D:9)
  2 ogres (D:8)
  9 centaurs
  5 giant frogs
  6 water moccasin zombies (Ossuary)
  3 scorpions
  7 wights
  3 killer bees (D:7)
  4 hounds
  3 orc priests
  A centaur zombie (D:6)
  3 jellies
  12 orc wizards
  A giant frog zombie (D:5)
  Crazy Yiuf (D:4)
  2 crimson imps
  4 giant frog skeletons
  6 worker ants
  2 iguanas
  4 big kobold zombies (Ossuary)
  A hound zombie (D:5)
  2 mummies (Ossuary)
  6 gnolls
  6 adders
  A worker ant zombie (D:8)
  3 shadow imps
  9 adder zombies
  An ooze (D:4)
  4 worms
  2 giant geckos
  44 orcs
  A ball python (D:3)
  3 giant cockroaches
  7 goblins
  17 hobgoblins
  6 quokkas
  14 bats
  A giant cockroach zombie (D:6)
  5 giant newts
  2 gnoll zombies (Ossuary)
  2 hobgoblin zombies (Ossuary)
  22 jackals
  16 kobolds
  4 kobold zombies (Ossuary)
  An orc zombie (Ossuary)
  6 rats
289 creatures vanquished.

Vanquished Creatures (others)
  An ice beast (D:9)
  The ghost of Fluffy the Slasher, an average DsGl (D:4)
  A worker ant (D:4)
  A hobgoblin (D:4)
4 creatures vanquished.

Grand Total: 293 creatures vanquished

Notes
Turn   | Place    | Note
--------------------------------------------------------------
     0 | D:1      | hyperkellhus the Ghoul Warper began the quest for the Orb.
     0 | D:1      | Reached XP level 1. HP: 17/17 MP: 2/2
     0 | D:1      | Upgraded the game from 0.17-a0-1399-gd5b76e1 to 0.17-a0-1403-g9df874c
   172 | D:1      | Reached XP level 2. HP: 24/24 MP: 3/3
   241 | D:1      | Reached skill level 3 in Unarmed Combat
   824 | D:2      | Reached XP level 3. HP: 16/29 MP: 4/4
  1008 | D:2      | Reached skill level 4 in Unarmed Combat
  1454 | D:2      | Found a sacrificial altar of Ru.
  1902 | D:2      | Reached XP level 4. HP: 36/36 MP: 5/5
  1961 | D:2      | Found a snail-covered altar of Cheibriados.
  1970 | D:2      | Found a radiant altar of Vehumet.
  1975 | D:2      | Reached skill level 5 in Unarmed Combat
  2120 | D:3      | Found a burning altar of Makhleb.
  2131 | D:3      | Became a worshipper of Makhleb the Destroyer
  2617 | D:4      | Reached XP level 5. HP: 20/41 MP: 6/6
  2701 | D:4      | Killed Fluffy's ghost
  2794 | D:4      | Reached skill level 6 in Unarmed Combat
  2832 | D:4      | Acquired Makhleb's first power
  3031 | D:4      | Found a stormy altar of Qazlal.
  3151 | D:4      | Noticed an ogre
  3206 | D:3      | Reached XP level 6. HP: 24/48 MP: 7/7
  3308 | D:4      | Found an opulent altar of Gozag.
  3372 | D:4      | Found a shimmering altar of Xom.
  3372 | D:4      | Noticed an angel
  3375 | D:4      | Found a glowing silver altar of Zin.
  3429 | D:4      | Reached skill level 7 in Unarmed Combat
  3646 | D:4      | Found a staircase to the Ecumenical Temple.
  3724 | D:4      | Noticed Crazy Yiuf
  3730 | D:4      | Killed Crazy Yiuf
  4180 | D:5      | Entered Level 5 of the Dungeon
  4242 | D:5      | Acquired Makhleb's second power
  4242 | D:5      | Reached skill level 8 in Unarmed Combat
  4242 | D:5      | Reached XP level 7. HP: 35/55 MP: 8/8
  4257 | D:5      | Noticed Sigmund
  4275 | D:5      | Killed Sigmund
  4370 | D:5      | Found a sand-covered staircase.
  4396 | Ossuary  | Entered an ossuary
  4439 | Ossuary  | Reached skill level 9 in Unarmed Combat
  4551 | Ossuary  | Reached XP level 8. HP: 45/61 MP: 9/9
  4681 | Ossuary  | Reached skill level 10 in Unarmed Combat
  5120 | D:5      | Acquired Makhleb's third power
  5215 | D:5      | Reached skill level 11 in Unarmed Combat
  5304 | D:6      | Found a basalt altar of Yredelemnul.
  5678 | D:6      | Reached skill level 5 in Fighting
  5684 | D:6      | Reached XP level 9. HP: 38/75 MP: 10/10
  5871 | D:6      | Reached skill level 1 in Armour
  6018 | D:6      | Acquired Makhleb's fourth power
  6277 | D:6      | Found Puam's Distillery.
  6829 | D:7      | Got a bone whip
  6955 | D:7      | Noticed Menkaure
  6973 | D:7      | Killed Menkaure
  6973 | D:7      | Reached skill level 5 in Armour
  7022 | D:7      | Found an opulent altar of Gozag.
  7381 | D:7      | Found a white marble altar of Elyvilon.
  7449 | D:7      | Acquired Makhleb's fifth power
  7449 | D:7      | Reached skill level 12 in Unarmed Combat
  7458 | D:7      | Identified the Catalogue of the Oath
  7519 | D:7      | Reached XP level 10. HP: 74/83 MP: 11/11
  7976 | D:8      | Found Waryqedu's Jewellery Shop.
  8348 | D:8      | Reached skill level 13 in Unarmed Combat
  8633 | D:9      | Found a shadowy altar of Dithmenos.
  8657 | D:9      | Noticed Pikel
  8704 | D:9      | Killed Pikel
  9152 | D:9      | Found a deep blue altar of Sif Muna.
  9281 | D:10     | Entered Level 10 of the Dungeon
  9281 | D:10     | Found a staircase to the Lair.
  9332 | D:10     | Got a translucent ring mail
  9344 | D:10     | Identified the +4 ring mail of Beyond {+Blink rC+ Dex+2} (You found it on level 10 of the Dungeon)
  9724 | D:10     | Reached XP level 11. HP: 97/97 MP: 12/12
  9929 | D:10     | You fall through a shaft!
 10099 | D:11     | Reached skill level 14 in Unarmed Combat
 10111 | D:11     | Noticed Snorg
 10127 | D:11     | HP: 2/97 [Snorg (12)]
 10127 | D:11     | Mangled by Snorg

Vault maps used:
D:1:      eino_arrival_cavern_e
D:2:      minmay_overflow_temple_star_quad
D:3:      wad_lake_hut, lemuel_round_altar, first_bread
D:4:      grunt_temple_overflow_order_and_chaos_1, overflow_temple_1_default,
          lemuel_crystal_altar, lemuel_temple_firewalk, uniq_crazy_yiuf_cottage
D:5:      enter_ossuary_1, hangedman_abyss_or_decor_stabs, uniq_sigmund
D:6:      nicolae_overflow_crystal_walls, serial_shops, shop
D:7:      elyvilon_altar_3, nicolae_gozag_cash_rules_everything_around_me,
          uniq_menkaure
D:8:      serial_shops, nicolae_shop_trees, grunt_ogre_cave, sigmund_army
D:9:      grunt_dithmenos_smoke_and_mirrors, tgw_sif, uniq_pikel
D:10:     lair_0_dummy
D:11:     minmay_separated_statues, basic_altar, due_unseen_surprise,
          uniq_snorg, uniq_fannar
Ossuary:  ossuary_tomb_2

Action                   |  1- 3 |  4- 6 |  7- 9 | 10-12 || total
-------------------------+-------+-------+-------+-------++-------
Melee: Unarmed           |   145 |   177 |   492 |   301 ||  1115
Throw: Tomahawk          |       |     2 |       |     3 ||     5
  Use: Scroll            |       |       |    10 |     3 ||    13
       Potion            |       |       |       |     1 ||     1
  Eat: Chunk             |    11 |     8 |    39 |    37 ||    95
